 Dungeon Crawl Stone Soup version 0.28-a0-1447-ga5a8893891 (webtiles) character file.

Game seed: 13288747636917615739

35 oldriver the Ducker (level 3, 0/31 HPs)
             Began as a Gnoll Gladiator on Jan 11, 2022.
             Slain by a bat (1 damage)
             ... on level 2 of the Dungeon.
             The game lasted 00:00:57 (883 turns).

oldriver the Ducker (Gnoll Gladiator)                Turns: 883, Time: 00:00:57

Health: 0/31       AC:  4    Str: 15    XL:     3   Next: 33%
Magic:  4/4        EV: 14    Int:  7    God:
Gold:   82         SH:  0    Dex: 13    Spells: 3/3 levels left

rFire   . . .      SeeInvis .   a - +0 trident
rCold   . . .      Faith    .   (no shield)
rNeg    . . .      Spirit   .   b - +0 leather armour
rPois   .          Reflect  .   c - +0 helmet
rElec   .          Harm     .   (no cloak)
rCorr   .          Rampage  .   (no gloves)
Will    .....                   (no boots)
Stlth   +.........              (no amulet)
HPRegen 0.10/turn               (no ring)
MPRegen 0.09/turn               (no ring)

@: no status effects
A: fangs 1, strong nose, distributed training
a: no special abilities


You were on level 2 of the Dungeon.
You visited 1 branch of the dungeon, and saw 2 of its levels.

You collected 82 gold pieces.

Inventory:

Hand Weapons
 a - a +0 trident (weapon)
Missiles
 d - 3 throwing nets (quivered)
Armour
 b - a +0 leather armour (worn)
 c - a +0 helmet (worn)
Scrolls
 e - a scroll of enchant weapon {unknown}
 f - a scroll of torment {unknown}
 h - a scroll of amnesia {unknown}
 i - a scroll of identify {unknown}
 j - a scroll of brand weapon {unknown}
Potions
 g - a potion of magic {unknown}
 k - a potion of might {unknown}


   Skills:
 + Level 4.5 Fighting
 + Level 0.7 Short Blades
 + Level 0.7 Long Blades
 + Level 0.7 Axes
 + Level 0.7 Maces & Flails
 + Level 6.5 Polearms
 + Level 0.7 Staves
 + Level 0.7 Slings
 + Level 0.7 Bows
 + Level 0.7 Crossbows
 + Level 4.5 Throwing
 + Level 0.7 Armour
 + Level 6.5 Dodging
 + Level 0.7 Stealth
 + Level 0.7 Shields
 + Level 0.7 Unarmed Combat
 + Level 0.7 Spellcasting
 + Level 0.5 Conjurations
 + Level 0.5 Hexes
 + Level 0.5 Summonings
 + Level 0.5 Necromancy
 + Level 0.5 Translocations
 + Level 0.5 Transmutations
 + Level 0.5 Fire Magic
 + Level 0.5 Ice Magic
 + Level 0.5 Air Magic
 + Level 0.5 Earth Magic
 + Level 0.5 Poison Magic
 + Level 0.9 Invocations
 + Level 0.7 Evocations


You had 3 spell levels left.
You didn't know any spells.
Your spell library was empty.

Dungeon Overview and Level Annotations

Branches:
Dungeon (2/15)

Altars:

Shops:
D:1 (=

Annotations:
D:2 Sigmund


Innate Abilities, Weirdness & Mutations

You have very sharp teeth.
Your uncanny sense of smell can sniff out nearby items.
Your experience applies equally to all skills.


Message History

Deactivating autopickup; reactivate with Ctrl-A.
You hit the hobgoblin.
You kill the hobgoblin!
No target in view!
No target in view!
No target in view!
No target in view!
There is a strange disturbance nearby!
There is a strange disturbance nearby!
There is a strange disturbance nearby!
There is a strange disturbance nearby!
There is a strange disturbance nearby!
There is a strange disturbance nearby!
There is a strange disturbance nearby!
No target in view!
No target in view!
No target in view!
No target in view!
You hear some strange, mumbled words.
A puff of flame appears from out of thin air!
The puff of flame hits you.
A bat comes into view.
Something closely misses you.
You closely miss something. Your bite misses something. You hit something.
Something hits you! The bat completely misses you.
You closely miss something. The bat misses you.
Something hits you but does no damage.
You miss something. The bat hits you. The bat misses you.
You miss something. The bat barely misses you.
You hear some strange, mumbled words.
A magic dart appears from out of thin air!
The magic dart hits you.
You hit something but do no damage. Your bite misses something.
The bat misses you. Something hits you!
* * * LOW HITPOINT WARNING * * *
You completely miss something. The bat hits you but does no damage.
You barely miss something. The bat hits you but does no damage.
Something barely misses you.
You barely miss something. The bat hits you.
You die...

....#..# .....#.#..
.....# .†...#.#.#.#
.....# .......#.#.#
.....#
....#..#.#.######..$..#
.......#.#.#..........#
#####..#.#.#..........#
#..#.#.#....{b....#
#..†.#.#....@.....#
#.#....#..........#
...#..#.#...†......#
....###.#.#...........#
..... #...####.......$#
..... ##..####........#
..... #.>............#
.... #...........(..#
#.)............#


You could see a bat.

Vanquished Creatures
  A dart slug (D:2)
  2 ball pythons
  4 bats
  5 endoplasms
  A giant cockroach (D:1)
  2 hobgoblins
  3 quokkas (D:2)
  A frilled lizard (D:1)
  A goblin (D:1)
  6 kobolds
  2 rats
28 creatures vanquished.

Notes
Turn   | Place    | Note
-------+----------+-------------------------------------------
     0 | D:1      | oldriver the Gnoll Gladiator began the quest for the Orb.
     0 | D:1      | Reached XP level 1. HP: 20/20 MP: 1/1
    58 | D:1      | Reached XP level 2. HP: 26/26 MP: 2/2
   197 | D:1      | Found Beur's Antique Weapon Shop.
   365 | D:1      | Found Mofisi Siwes's Jewellery Emporium.
   605 | D:2      | Reached XP level 3. HP: 29/31 MP: 3/3
   868 | D:2      | Noticed Sigmund
   880 | D:2      | HP: 1/31 [something (9)]
   883 | D:2      | Slain by a bat

Illustrated notes

Levels and vault maps discovered:
D:1:      tarquinn_simple_flora_water_c, layout_basic, serial_shops, shop,
          nicolae_shop_waterfront
D:2:      layout_basic, grunt_ministairs_13, uniq_sigmund

Action                   || total
-------------------------++-------
Melee: Trident           ||    78
       Bite              ||     3
 Stab: Sleeping          ||     2
Armor: Leather armour    ||    14
Dodge: Dodged            ||    31

Table legend: (Time is in decaauts)
 A = Elapsed time spent in this place.
 B = Non-inter-level travel time spent in this place.
 C = Inter-level travel time spent in this place.
 D = Time resting spent in this place.
 E = Time spent auto-exploring this place.
 F = Levels seen in this place.
 G = Mean time per level.
                   A        B        C        D        E       F      G
               +--------+--------+--------+--------+--------+-----+--------+
         Total |    882 |    848 |     34 |      0 |    662 |   2 |  441.0 |
       Dungeon |    882 |    848 |     34 |      0 |    662 |   2 |  441.0 |
               +--------+--------+--------+--------+--------+-----+--------+

Top non-repeatable levels by time:
     D:1: 511 daAuts
     D:2: 371 daAuts
